 Dungeon Crawl Stone Soup version 0.31.0-9-g3a7656b989 (webtiles) character file.

Game seed: 13000768416635843551

154633 freelancePsychic the Eclecticist (level 17, -12/113 (133) HPs)
             Began as a Djinni Air Elementalist on Jan 24, 2024.
             Was the Champion of Jiyva.
             Killed from afar by a ghostly deep elf death mage (55 damage)
             ... with a bolt of negative energy
             ... on level 3 of the Elven Halls.
             The game lasted 00:48:51 (19589 turns).

freelancePsychic the Eclecticist (DjAE)            Turns: 19589, Time: 00:48:52

HP:   -12/113 (133) AC: 16    Str:  9    XL:     17   Next: 67%
Gold: 1341          EV: 19    Int: 35    God:    Jiyva [******] SH: 18 Dex: 16

rFire   + + +        v - staff of fire
rCold   . . .        t - +0 buckler
rNeg    . . .        W - +3 troll leather armour
rPois   ∞            (helmet restricted)
rElec   .            c - +0 cloak "Hoih Waul" {Int+3 Slay+2}
rCorr   +            J - +2 pair of gloves {Str+3}
SInv    +            (boots unavailable)
Will    ++...        V - brooch of Shielding {Spirit SH+8}
Stlth   +++++        U - ring of Unamyfa {rC+ Will+}
HPRegen 2.78/turn    D - +6 ring of intelligence
MPRegen 0.00/turn

%: clarity, guardian spirit, infuse magic (-13 HP)
@: brilliant, death channelling, attractive, calling ooze, animating dead,
flying, hasted, heavily drained, very quick
A: sickness immunity, fire resistance 3, cold vulnerability 1, float, innate
caster, HP casting, extra vitality 1, antennae 2, iridescent scales 3, large
bone plates 1, clarity, clever 1, eyeballs 3, translucent skin 2, jelly sensing
items, MP-powered wands, sturdy frame 1
}: 1/15 runes: slimy
a: Renounce Religion, Oozemancy, Slimify


You were on level 3 of the Elven Halls.
You worshipped Jiyva.
Jiyva was exalted by your worship.
You visited 5 branches of the dungeon, and saw 30 of its levels.
You also visited: Sewer, Gauntlet and Volcano.

You collected 1873 gold pieces.
You spent 532 gold pieces at shops.

Inventory:

Missiles
 m - 4 silver javelins
Armour
 a - an orb of wrath
 c - the +0 cloak "Hoih Waul" (worn) {Int+3 Slay+2}
   (You bought it in a shop on level 2 of the Orcish Mines)

   Int+3:     It affects your intelligence (+3).
   Slay+2:    It affects your accuracy & damage with ranged weapons and melee
   (+2).
 i - a +0 helmet
 t - a +0 buckler (worn)
 J - a +2 pair of gloves of strength (worn)
 W - a +3 troll leather armour (worn)
Magical Staves
 k - a staff of conjuration
 v - a staff of fire (weapon)
Jewellery
 r - a ring of fire
 C - a ring of protection from cold
 D - a +6 ring of intelligence (right hand)
 L - the ring of the Median {rElec Will+ Str+2 Dex+2}
   (You found it in a Gauntlet)

   [ring of willpower]

   Str+2:     It affects your strength (+2).
   Dex+2:     It affects your dexterity (+2).
   rElec:     It insulates you from electricity.
   Will+:     It increases your willpower.
 S - a ring of protection from cold
 U - the ring of Unamyfa (left hand) {rC+ Will+}
   (You found it on level 5 of the Pits of Slime)

   [ring of willpower]

   rC+:       It protects you from cold.
   Will+:     It increases your willpower.
 V - the brooch of Shielding (around neck) {Spirit SH+8}
   (You found it on level 5 of the Pits of Slime)

   [amulet of guardian spirit]

   Spirit:    It causes incoming damage to be divided between your reserves of
   health and magic.
   SH+8:      It affects your SH (+8).
 Z - a ring of ice
Talismans
 E - a blade talisman
Wands
 y - a wand of iceblast (9)
 G - a wand of light (14)
 H - a wand of paralysis (6)
 M - a wand of polymorph (5)
 R - a wand of flame (7)
Scrolls
 e - a scroll of amnesia
 f - 2 scrolls of vulnerability
 h - a scroll of silence
 l - a scroll of fog
 o - a scroll of enchant weapon
 q - a scroll of revelation
 u - a scroll of immolation
 w - 4 scrolls of teleportation {@r4}
 x - a scroll of fear
 F - a scroll of blinking
 I - 2 scrolls of enchant armour
 N - a scroll of butterflies
 Q - a scroll of noise
 X - a scroll of brand weapon {unknown}
 Y - a scroll of poison {unknown}
Potions
 b - 3 potions of heal wounds {@q2}
 d - 3 potions of enlightenment
 g - 2 potions of degeneration
 j - 2 potions of mutation
 n - a potion of cancellation
 s - a potion of berserk rage {unknown}
 z - 5 potions of curing {@q1}
 A - 3 potions of resistance {unknown}
 K - 3 potions of magic
Miscellaneous
 O - a condenser vane
 T - a phantom mirror


   Skills:
 - Level 16.0 Fighting
 - Level 14.0 Dodging
 - Level 7.1 Stealth
 - Level 8.0 Shields
 + Level 16.1 Spellcasting
 + Level 16.1 Conjurations
 + Level 16.1 Hexes
 + Level 16.1 Summonings
 + Level 16.1 Necromancy
 + Level 16.1 Translocations
 + Level 16.1 Fire Magic
 + Level 16.1 Ice Magic
 + Level 16.1 Air Magic
 + Level 16.1 Earth Magic
 + Level 16.1 Alchemy


You knew the following spells:

 Your Spells              Type           Power      Damage    Failure   Level
a - Stone Arrow           Conj/Erth      100%       3d13      0%          3
b - Summon Mana Viper     Hex/Summ       100%       N/A       1%          5
c - Death Channel         Necr           59%        N/A       1%          6
d - Animate Dead          Necr           100%       N/A       1%          4
e - Flame Wave            Conj/Fire      100%       2d21      1%          4
f - Ensorcelled Hibernat  Hex/Ice        100%       N/A       0%          2
g - Shock                 Conj/Air       100%       1d9       0%          1
h - Airstrike             Air            59%        2d(9-25)  1%          4
i - Sculpt Simulacrum     Ice/Alch       59%        N/A       1%          6
j - Static Discharge      Conj/Air       100%       3-8/arc   0%          2
k - Sandblast             Erth           100%       2d20      0%          1
l - Swiftness             Air            100%       N/A       0%          3
Your spell library was empty.

Dungeon Overview and Level Annotations

Branches:
Dungeon (15/15)            Temple (0/1) D:4            Lair (5/5) D:11
 Shoals (0/4) Lair:3        Snake (0/4) Lair:2        Slime (5/5) Lair:5
    Orc (2/2) D:10            Elf (3/3) Orc:2        Vaults (0/5) D:14
 Depths (0/4) D:15          Sewer (visited)         Volcano (visited)
Gauntlet (visited)

Altars:
Cheibriados
Dithmenos
Gozag
Makhleb
Qazlal
Uskayaw
Wu Jian
Yredelemnul
Zin
Jiyva

Shops:
D:2 !   D:5 =:[   Orc:2 [[*?   Elf:2 :

Annotations:
D:2 Terence
D:7 1 runed translucent door, Vadun's ghost, novice MiMo
Lair:2 Urug
Slime:5 Royal Jelly
Orc:1 3 runed translucent doors, Teryn's ghost, journeyman DsAK


Innate Abilities, Weirdness & Mutations

You are immune to sickness and miasma.
You are immune to poison.
Your flesh is almost immune to the effects of heat. (rF+++)
You are vulnerable to cold. (rC-)
You float through the air rather than walking.
You learn spells naturally, not from books.
Your magical power is your life essence.
You have superior vitality. (+4 MHP)
You have a pair of antennae on your head.
You are completely covered in iridescent scales. (AC +6)
You are partially covered in large bone plates. (SH +4)
You possess an exceptional clarity of mind.
Your mind is acute. (Int +4, Str/Dex -1)
Your body is covered in eyes which may confuse attackers. (Acc +7, SInv)
Your translucent skin reduces your foes' accuracy. (Stealth+)
You have a small jelly attached to you that senses nearby items.
You expend health (3 HP) to strengthen your wands.
Your movements are slightly less encumbered by armour. (ER -2)


Message History

The air twists around and strikes the ghostly deep elf blademaster!
The ghostly deep elf blademaster is heavily damaged.
The walls burn the ghostly deep elf blademaster!
The ghostly deep elf blademaster hits your acid blob with a +1 rapier of venom.
The ghostly deep elf blademaster is burned by acid!
The ghostly deep elf blademaster hits your acid blob with a +1 rapier of venom!
The ghostly deep elf blademaster is burned by acid!
The walls burn your spectral deep elf master archer!
Your spectral deep elf master archer hits the ghostly deep elf blademaster.
The walls burn the hellion!
The hellion barely misses your spectral deep elf master archer.
Your acid blob closely misses the ghostly deep elf blademaster.
The walls burn your deep elf demonologist zombie!
Your deep elf demonologist zombie completely misses the ghostly deep elf blademaster.
The jelly is attracted toward you.
Aiming: Airstrike (safe; 1% risk of failure)
Press: ? - help, Q - select action, (/) - cycle Dir - move target, f/p - ghostly deep elf blademaster
Aim: a ghostly deep elf blademaster, wielding two +1 rapiers of venom and wearing a +0 leather armour (heavily damaged, covered in acid, ally target, empty space bonus: 0/8)
You feel a surge of power!
The air twists around and strikes the ghostly deep elf blademaster!
The ghostly deep elf blademaster is severely damaged.
The walls burn the ghostly deep elf blademaster!
The ghostly deep elf blademaster hits your acid blob with a +1 rapier of venom!!
The ghostly deep elf blademaster is burned by acid!
The ghostly deep elf blademaster hits your acid blob with a +1 rapier of venom!
Your acid blob looks as sick as possible!
The ghostly deep elf blademaster is burned by acid!
The walls burn the ghostly deep elf demonologist!
The ghostly deep elf demonologist mumbles some strange words.
Send 'em back where they came from!
Your acid blob dissolves into a puddle of slime!
The wall burns the ice devil!
The walls burn the ghostly deep elf death mage!
The ghostly deep elf death mage gestures at you while chanting.
The bolt of negative energy hits the ghostly deep elf demonologist.
The ghostly deep elf demonologist completely resists.
The bolt of negative energy hits your deep elf demonologist zombie.
Your deep elf demonologist zombie completely resists.
The bolt of negative energy hits you!!!
You feel drained.
You die...

...e.. ##...## #
#....#{ ......#
##.###.#.#..#..##ZZ
....{..
#........#...##...Z
.......
##.####.#.......Z#.
⌠e..... #.# #
.......#.
.....*4###2# .
.##...#..
#.§2eeeeZ# #
.##..#..#..
#.§§e##Z.#
##.#....#.#...
#.... ##@#
#..#.#.#..#.#.
#..§.{
#.J§#.#....#.###..
#...{.#
#..#..#..##ZZ##Z.#
(.....
#..#.§.##Z.ZZZ{.##
.....#
..#...)§..Z#..Z..#
.....
..#......ZZ#..##.#
.....##..Z#...# .#
#...##..#..#.<.# .#
. ....#.#....# .#


You could see a ghostly deep elf blademaster (corroded, ally target), a ghostly
deep elf death mage (empowered, ally target), a ghostly deep elf demonologist
(empowered, distracted), an ice devil (summoned), a hellion (summoned), a lost
soul (summoned), a neutral jelly (wandering) (fellow slime), a friendly spectral
deep elf master archer and a friendly deep elf demonologist zombie.

Vanquished Creatures
  A deep elf master archer (Elf:3)
  4 deep elf elementalists
  2 deep elf demonologists (Elf:3)
  Nessos (Orc:2)
  3 deep elf death magi
  A deep elf annihilator (Elf:1)
  Josephine (D:11)
  Erolcha (D:11)
  2 hydras
  5 ogre magi
  3 boulder beetles
  4 centaur warriors
  21 two-headed ogres
  9 dancing weapons
  A deep troll shaman (Lair:5)
  3 death yaks (Lair:5)
  A tengu warrior (D:14)
  6 deep elf knights
  2 skysharks (Lair:5)
  Lodul (D:10)
  2 skeletal warriors (D:14)
  A salamander mystic (Volcano)
  5 deep elf archers
  A large abomination (Gauntlet)
  Pikel (D:5)
  11 deep elf zephyrmancers
  19 deep elf pyromancers
  Maurice (Orc:2)
  3 orc sorcerers (Orc:2)
  9 manticores
  An ugly thing (D:13)
  A salamander (Volcano)
  2 meliai (D:15)
  2 black mambas
  5 kobold blastminers
  2 gargoyles
  6 elephants
  A water nymph (Lair:3)
  10 cane toads
  2 kobold demonologists (D:11)
  7 rime drakes
  Maggie (Lair:2)
  8 komodo dragons
  A tengu conjurer (D:14)
  8 trolls
  5 polar bears
  A merfolk (Lair:3)
  4 hornets
  Prince Ribbit (Lair:3)
  23 blink frogs
  A raiju (shapeshifter) (D:13)
  An elf zombie (Elf:3)
  An air elemental (Elf:2)
  6 wraiths
  8 shadows
  2 vampires (D:12)
  5 wyverns
  3 fire elementals
  4 wargs
  44 yaks
  6 basilisks
  5 vampire mosquitoes
  3 nagas (Lair:2)
  An acid dragon (D:11)
  3 small abominations (Gauntlet)
  12 water moccasins
  An ice beast (D:6)
  7 orc warriors
  3 black bears
  24 wolves
  33 ogres
  4 centaurs
  A phantom (D:5)
  A lemure (D:5)
  5 kobold brigands
  Blork the orc (D:5)
  An earth elemental (Elf:1)
  8 bullfrogs
  A gnoll sergeant (D:7)
  A scorpion (D:5)
  A necrophage (D:8)
  7 wights
  6 killer bees (D:9)
  4 howler monkeys
  2 centaur zombies (D:8)
  A human zombie (D:8)
  A jelly (Orc:2)
  3 bombardier beetles
  2 gnoll boudas
  13 orc priests
  A hound (D:5)
  Crazy Yiuf (D:4)
  3 sleepcaps
  Natasha (twice) (D:2)
  3 iguanas (D:5)
  7 orc wizards
  2 killer bee zombies (D:8)
  2 mummies (D:8)
  A howler monkey zombie (D:8)
  13 gnolls
  8 adders
  A white imp (D:8)
  5 ufetubi
  6 dart slugs
  3 ribbon worms
  26 orcs
  10 ball pythons
  5 bat skeletons (D:12)
  4 endoplasms
  14 giant cockroaches
  5 hobgoblins
  6 jackals
  13 kobolds
  2 quokkas (D:3)
  2 bats
  16 frilled lizards
  7 goblins
  4 rats
624 creatures vanquished.

Vanquished Creatures (collateral kills)
  Jorgrun (Orc:2)
  A deep elf elementalist (Elf:2)
  A very ugly thing (D:15)
  A minotaur (Gauntlet)
  A red draconian (Volcano)
  A dire elephant (D:15)
  A vault guard (D:14)
  2 catoblepae
  An ogre mage (D:15)
  2 two-headed ogres (D:15)
  2 deep elf knights
  3 skeletal warriors (D:14)
  A deep elf archer (Elf:1)
  A lindwurm (Lair:5)
  4 deep elf zephyrmancers
  4 deep elf pyromancers
  An ugly thing (D:14)
  2 salamanders (Volcano)
  A meliai (D:15)
  6 elephants
  A cane toad (Lair:5)
  A komodo dragon (Lair:2)
  A troll (D:13)
  2 blink frogs
  2 wraiths
  8 yaks
  A water moccasin (Lair:3)
  2 ogres
  2 wolves (Lair:3)
  A centaur (D:10)
  A jelly (Elf:1)
59 creatures vanquished.

Vanquished Creatures (others)
  The ghost of Zaegoraum the Carver, a journeyman DsAK of Lugonu (Lair:4)
  A centaur warrior (D:14)
  2 deep elf zephyrmancers (Elf:1)
  A salamander (D:15)
  2 kobold demonologists (D:12)
  A tengu conjurer (D:12)
  A dream sheep (shapeshifter) (D:14)
  3 slime creatures (D:15)
  A skyshark zombie (Lair:5)
  2 water moccasins
  3 elephant zombies (Lair:3)
  A blink frog zombie (Lair:3)
  11 elf zombies
  9 centaurs
  A bullfrog (D:8)
  A water moccasin zombie (Lair:5)
  2 yak zombies
  A howler monkey (D:4)
  A basilisk zombie (Lair:5)
  A hound (D:6)
  65 jellies
  4 orc priests
  A sleepcap (D:5)
  An iguana (D:6)
  4 orc wizards
  5 ogre zombies (D:10)
  5 gnolls
  2 adders
  An ufetubus (D:7)
  2 dart slugs
  A ribbon worm (D:4)
  8 orcs
  An endoplasm (D:4)
  2 giant cockroaches (Sewer)
  3 jackals (D:4)
  6 kobolds
  A quokka (D:3)
  2 ball pythons
  A rat (D:3)
161 creatures vanquished.

Grand Total: 844 creatures vanquished

Notes
Turn   | Place    | Note
-------+----------+-------------------------------------------
     0 | D:1      | freelancePsychic the Djinni Air Elementalist began the
                  | quest for the Orb.
     0 | D:1      | freelancePsychic set off with the following spells
                  | memorised: Shock, Static Discharge, Swiftness, Airstrike.
     0 | D:1      | Reached XP level 1. HP: 15/15 MP: 0/0
    86 | D:1      | Reached XP level 2. HP: 18/22 MP: 0/0
   276 | D:1      | Reached skill level 1 in Fighting
   555 | D:2      | Reached XP level 3. HP: 24/27 MP: 0/0
   555 | D:2      | Learned a level 1 spell: Sandblast
   618 | D:2      | Noticed Natasha
   622 | D:2      | Killed Natasha
   725 | D:2      | Reached XP level 4. HP: 23/33 MP: 0/0
   879 | D:2      | Noticed Natasha
   883 | D:2      | Killed Natasha
   970 | D:2      | Reached XP level 5. HP: 26/38 MP: 0/0
   970 | D:2      | Learned a level 2 spell: Ensorcelled Hibernation
  1107 | D:2      | Found Apsurch's Distillery.
  1110 | D:2      | Bought a potion of heal wounds for 50 gold pieces
  1186 | D:2      | Noticed Terence
  1518 | D:3      | Found a faded altar of an unknown god.
  1525 | D:3      | Prayed at the altar of an unknown god.
  1525 | D:3      | Became a worshipper of Jiyva Jucoemis the Shapeless
  1525 | D:3      | Reached * piety under Jiyva
  1648 | D:3      | Found a glowing drain.
  1659 | Sewer    | Entered a sewer
  1839 | Sewer    | Reached ** piety under Jiyva
  1849 | Sewer    | Noticed a bullfrog
  1852 | Sewer    | Killed a bullfrog
  1853 | Sewer    | Reached XP level 6. HP: 40/46 MP: 0/0
  2877 | D:4      | Reached XP level 7. HP: 47/50 MP: 0/0
  2877 | D:4      | Learned a level 3 spell: Stone Arrow
  3144 | D:4      | Reached *** piety under Jiyva
  3178 | D:4      | Found a staircase to the Ecumenical Temple.
  3208 | D:4      | Found an opulent altar of Gozag.
  3313 | D:4      | Found a runed translucent door.
  3314 | D:4      | Noticed Crazy Yiuf
  3319 | D:4      | Killed Crazy Yiuf
  3348 | D:5      | Entered Level 5 of the Dungeon
  3365 | D:5      | Gained mutation: You have supernaturally acute eyesight.
                  | (SInv) [Jiyva's grace]
  3365 | D:5      | Gained mutation: You are partially covered in iridescent
                  | scales. (AC +2) [Jiyva's grace]
  3365 | D:5      | Gained mutation: You are mostly covered in iridescent
                  | scales. (AC +4) [Jiyva's grace]
  3365 | D:5      | Gained mutation: You are completely covered in iridescent
                  | scales. (AC +6) [Jiyva's grace]
  3430 | D:5      | Found a shadowy altar of Dithmenos.
  3472 | D:5      | Found Puliezi's Antique Armour Boutique.
  3475 | D:5      | Found Zaap's Book Boutique.
  3477 | D:5      | Found Qegop's Jewellery Boutique.
  3513 | D:5      | Reached XP level 8. HP: 45/58 MP: 0/0
  3605 | D:5      | Noticed a +0 dagger
  3605 | D:5      | Noticed a +0 hand axe
  3616 | D:5      | Found a hide-covered altar of Uskayaw.
  3677 | D:5      | Reached skill level 5 in Spellcasting
  3677 | D:5      | Reached skill level 5 in Conjurations
  3677 | D:5      | Reached skill level 5 in Hexes
  3677 | D:5      | Reached skill level 5 in Summonings
  3677 | D:5      | Reached skill level 5 in Necromancy
  3677 | D:5      | Reached skill level 5 in Translocations
  3677 | D:5      | Reached skill level 5 in Fire Magic
  3677 | D:5      | Reached skill level 5 in Ice Magic
  3677 | D:5      | Reached skill level 5 in Air Magic
  3677 | D:5      | Reached skill level 5 in Earth Magic
  3677 | D:5      | Reached skill level 5 in Alchemy
  3696 | D:5      | Noticed Blork the orc
  3702 | D:5      | Killed Blork the orc
  3703 | D:5      | Reached skill level 5 in Fighting
  3703 | D:5      | Reached skill level 5 in Stealth
  3780 | D:5      | Reached **** piety under Jiyva
  3793 | D:5      | Noticed Pikel
  3803 | D:5      | Killed Pikel
  3804 | D:5      | Reached XP level 9. HP: 54/66 MP: 0/0
  3804 | D:5      | Learned a level 4 spell: Animate Dead
  4932 | D:6      | Reached ***** piety under Jiyva
  5271 | D:7      | Found a runed translucent door.
  5272 | D:7      | Noticed Vadun's ghost (novice MiMo)
  5362 | D:7      | Found a snail-covered altar of Cheibriados.
  5492 | D:7      | Identified the +0 robe of Valiance {Str+2}
  5743 | D:8      | Reached XP level 10. HP: 24/75 MP: 0/0
  5813 | D:8      | Lost mutation: You are completely covered in iridescent
                  | scales. (AC +6) [Jiyva's grace]
  5813 | D:8      | Gained mutation: Your rubbery body absorbs attacks. (AC +1,
                  | EV +1) [Jiyva's grace]
  5813 | D:8      | Gained mutation: Your pliable body absorbs attacks. (AC +2,
                  | EV +2) [Jiyva's grace]
  5813 | D:8      | Gained mutation: Your gelatinous body deflects attacks. (AC
                  | +3, EV +3) [Jiyva's grace]
  5813 | D:8      | Gained mutation: You are covered in slimy tendrils that may
                  | disarm your opponents. [Jiyva's grace]
  5913 | D:8      | Found a glowing silver altar of Zin.
  6287 | D:8      | Found a basalt altar of Yredelemnul.
  6968 | D:9      | Reached ****** piety under Jiyva
  7044 | D:9      | Reached skill level 5 in Dodging
  7207 | D:10     | Entered Level 10 of the Dungeon
  7261 | D:10     | Reached XP level 11. HP: 79/84 MP: 0/0
  7261 | D:10     | Learned a level 4 spell: Flame Wave
  7274 | D:10     | Noticed Lodul
  7331 | D:10     | Killed Lodul
  7333 | D:10     | Your ally Lodul died
  7406 | D:10     | Noticed a two-headed ogre
  7412 | D:10     | Killed a two-headed ogre
  7572 | D:10     | Reached skill level 10 in Fighting
  7811 | D:10     | Found a staircase to the Orcish Mines.
  7866 | D:10     | Noticed a two-headed ogre
  7872 | D:10     | Killed a two-headed ogre
  7980 | D:10     | Lost mutation: Your gelatinous body deflects attacks. (AC
                  | +3, EV +3) [Jiyva's grace]
  7980 | D:10     | Gained mutation: Your flesh is almost immune to the effects
                  | of heat. (rF+++) [Jiyva's grace]
  7980 | D:10     | Gained mutation: Your movements are slightly less
                  | encumbered by armour. (ER -2) [Jiyva's grace]
  7980 | D:10     | Gained mutation: Your movements are less encumbered by
                  | armour. (ER -4) [Jiyva's grace]
  7980 | D:10     | Gained mutation: Your movements are significantly less
                  | encumbered by armour. (ER -6) [Jiyva's grace]
  7988 | D:10     | Found a burning altar of Makhleb.
  7988 | D:10     | Found a stormy altar of Qazlal.
  8034 | D:11     | Noticed a boulder beetle
  8041 | D:11     | Killed a boulder beetle
  8169 | D:11     | Found a staircase to the Lair.
  8185 | D:11     | Lost mutation: You are covered in slimy tendrils that may
                  | disarm your opponents. [potion of mutation]
  8185 | D:11     | Lost mutation: You are mostly covered in iridescent scales.
                  | (AC +4) [potion of mutation]
  8185 | D:11     | Lost mutation: You are partially covered in iridescent
                  | scales. (AC +2) [potion of mutation]
  8185 | D:11     | Lost mutation: You have supernaturally acute eyesight.
                  | (SInv) [potion of mutation]
  8185 | D:11     | Gained mutation: You are strong-willed. (Will+) [potion of
                  | mutation]
  8193 | D:11     | Noticed a sun demon
  8193 | D:11     | Upgraded the game from 0.31.0-7-gf635a9b802 to
                  | 0.31.0-9-g3a7656b989
  8202 | Lair:1   | Entered Level 1 of the Lair of Beasts
  8211 | Lair:1   | Reached XP level 12. HP: 68/92 MP: 0/0
  8565 | Lair:1   | Identified the +8 spear "Dossaf" {flame, rF+}
  9084 | Lair:2   | Noticed Maggie
  9090 | Lair:2   | Killed Maggie
  9187 | Lair:2   | Reached skill level 10 in Dodging
  9284 | Lair:2   | Found a staircase to the Snake Pit.
  9375 | Lair:2   | Noticed Urug
  9471 | Lair:2   | Gained mutation: Your translucent skin slightly reduces
                  | your foes' accuracy. (Stealth+) [Jiyva's grace]
  9471 | Lair:2   | Gained mutation: Your translucent skin reduces your foes'
                  | accuracy. (Stealth+) [Jiyva's grace]
  9471 | Lair:2   | Gained mutation: Your transparent skin significantly
                  | reduces your foes' accuracy. (Stealth+) [Jiyva's grace]
  9471 | Lair:2   | Gained mutation: You are partially covered in iridescent
                  | scales. (AC +2) [Jiyva's grace]
  9575 | Lair:2   | Reached XP level 13. HP: 71/100 MP: 0/0
  9575 | Lair:2   | Learned a level 5 spell: Summon Mana Viper
  9600 | Lair:2   | Reached skill level 10 in Spellcasting
  9600 | Lair:2   | Reached skill level 10 in Conjurations
  9600 | Lair:2   | Reached skill level 10 in Hexes
  9600 | Lair:2   | Reached skill level 10 in Summonings
  9600 | Lair:2   | Reached skill level 10 in Necromancy
  9600 | Lair:2   | Reached skill level 10 in Translocations
  9600 | Lair:2   | Reached skill level 10 in Fire Magic
  9600 | Lair:2   | Reached skill level 10 in Ice Magic
  9600 | Lair:2   | Reached skill level 10 in Air Magic
  9600 | Lair:2   | Reached skill level 10 in Earth Magic
  9600 | Lair:2   | Reached skill level 10 in Alchemy
 10271 | Lair:3   | Identified the +1 robe of Paxtigot {Slay+2}
 10282 | Lair:3   | Found a gate leading to a gauntlet.
 10292 | Gauntlet | Entered a Gauntlet
 10292 | Gauntlet | Found a transporter.
 10292 | Gauntlet | Found a transporter.
 10292 | Gauntlet | Found a runed translucent door.
 10292 | Gauntlet | Found a runed translucent door.
 10293 | Gauntlet | Noticed a catoblepas
 10300 | Gauntlet | Found a transporter.
 10304 | Gauntlet | Found a transporter.
 10313 | Gauntlet | Found a transporter.
 10316 | Gauntlet | Found a transporter.
 10329 | Gauntlet | Found a transporter.
 10341 | Gauntlet | Found a transporter.
 10358 | Gauntlet | Found a transporter.
 10359 | Gauntlet | Found a transporter.
 10367 | Gauntlet | Found a transporter.
 10371 | Gauntlet | Found a transporter.
 10493 | Gauntlet | Identified the +1 hat "Kikap" {-Cast rPois Str+6}
 10496 | Gauntlet | Identified the ring of the Median {rElec Will+ Str+2 Dex+2}
 10566 | Gauntlet | Noticed a minotaur
 10571 | Gauntlet | Killed a minotaur
 10596 | Gauntlet | Identified the +0 scale mail of Lucidity {-Cast rElec rPois
                  | rC+}
 10767 | Lair:3   | Noticed Prince Ribbit
 10769 | Lair:3   | Killed Prince Ribbit
 11388 | Lair:4   | Killed Zaegoraum's ghost
 11448 | Lair:4   | Reached XP level 14. HP: 104/110 MP: 0/0
 11677 | Lair:4   | Lost mutation: Your pliable body absorbs attacks. (AC +2,
                  | EV +2) [Jiyva's grace]
 11677 | Lair:4   | Lost mutation: Your movements are significantly less
                  | encumbered by armour. (ER -6) [Jiyva's grace]
 11677 | Lair:4   | Gained mutation: You have supernaturally acute eyesight.
                  | (SInv) [Jiyva's grace]
 11677 | Lair:4   | Gained mutation: Your body has grown eyes which may confuse
                  | attackers. (Acc +3) [Jiyva's grace]
 11677 | Lair:4   | Gained mutation: Your body has grown many eyes which may
                  | confuse attackers. (Acc +5) [Jiyva's grace]
 11677 | Lair:4   | Gained mutation: Your body is covered in eyes which may
                  | confuse attackers. (Acc +7, SInv) [Jiyva's grace]
 11906 | Lair:4   | Found a runed translucent gate.
 11906 | Lair:4   | Found a runed translucent gate.
 11906 | Lair:4   | Found a runed translucent gate.
 11906 | Lair:4   | Noticed an azure jelly
 11906 | Lair:4   | Noticed an azure jelly
 11906 | Lair:4   | Noticed an acid blob
 11908 | Lair:4   | Noticed an acid blob
 12236 | Lair:4   | Noticed an acid blob
 12237 | Lair:4   | Noticed an acid blob
 12239 | Lair:4   | Noticed an azure jelly
 12239 | Lair:4   | Noticed an acid blob
 12239 | Lair:4   | Noticed an azure jelly
 12240 | Lair:4   | Noticed an azure jelly
 12247 | Lair:4   | Found a viscous altar of Jiyva.
 12354 | Lair:5   | Entered Level 5 of the Lair of Beasts
 13180 | Lair:5   | Found a viscous altar of Jiyva.
 13181 | Lair:5   | Found a staircase to the Slime Pits.
 13190 | Slime:1  | Entered Level 1 of the Pits of Slime
 13202 | Slime:2  | Noticed a quicksilver ooze
 13202 | Slime:2  | Noticed a rockslime
 13203 | Slime:2  | Noticed a rockslime
 13207 | Slime:2  | Noticed an azure jelly
 13210 | Slime:2  | Noticed a rockslime
 13217 | Slime:4  | Noticed a quicksilver ooze
 13238 | Slime:5  | Entered Level 5 of the Pits of Slime
 13238 | Slime:5  | Noticed an acid blob
 13242 | Slime:5  | Noticed an acid blob
 13243 | Slime:5  | Noticed an azure jelly
 13250 | Slime:5  | Noticed a quicksilver ooze
 13256 | Slime:5  | Found a viscous altar of Jiyva.
 13261 | Slime:5  | Noticed an acid blob
 13262 | Slime:5  | Noticed an acid blob
 13263 | Slime:5  | Noticed an acid blob
 13264 | Slime:5  | Noticed the Royal Jelly
 13265 | Slime:5  | Noticed an acid blob
 13265 | Slime:5  | Noticed a quicksilver ooze
 13268 | Slime:5  | Identified the +5 scale mail of the Midnight Sun {Rampage
                  | rN+ MP+9 Dex-4}
 13269 | Slime:5  | Identified the ring of Unamyfa {rC+ Will+}
 13280 | Slime:5  | Identified the +1 plate armour of the Morning {-Tele rCorr
                  | Dex+2}
 13288 | Slime:5  | Noticed an acid blob
 13291 | Slime:5  | Noticed a quicksilver ooze
 13293 | Slime:5  | Noticed a rockslime
 13295 | Slime:5  | Noticed an acid blob
 13296 | Slime:5  | Noticed an acid blob
 13297 | Slime:5  | Found the brooch of Shielding {Spirit SH+8}
 13298 | Slime:5  | Noticed an acid blob
 13307 | Slime:5  | Identified the +7 morningstar "Yppeo" {freeze, rElec rPois
                  | Will++ Int-2}
 13308 | Slime:5  | Noticed an acid blob
 13312 | Slime:5  | Identified the +8 great sword of Devotion {drain, Dex+3}
 13320 | Slime:5  | Noticed a rockslime
 13345 | Slime:5  | Got a slimy rune of Zot
 13347 | Slime:5  | Got a starry gem with 445 turns to spare
 13370 | Slime:5  | Noticed a rockslime
 13661 | D:11     | Noticed Erolcha
 13664 | D:11     | Killed Erolcha
 13780 | D:11     | Gained mutation: Your mind is acute. (Int +4, Str/Dex -1)
                  | [Jiyva's grace]
 13780 | D:11     | Gained mutation: Your mind is very acute. (Int +8, Str/Dex
                  | -2) [Jiyva's grace]
 13780 | D:11     | Gained mutation: You are partially covered in large bone
                  | plates. (SH +4) [Jiyva's grace]
 13780 | D:11     | Gained mutation: You are mostly covered in large bone
                  | plates. (SH +6) [Jiyva's grace]
 13820 | D:11     | Noticed Josephine
 13825 | D:11     | Killed Josephine
 14136 | D:12     | Reached XP level 15. HP: 115/118 MP: 0/0
 14136 | D:12     | Learned a level 6 spell: Sculpt Simulacrum
 15320 | D:13     | Lost mutation: You are partially covered in iridescent
                  | scales. (AC +2) [Jiyva's grace]
 15320 | D:13     | Lost mutation: Your body is covered in eyes which may
                  | confuse attackers. (Acc +7, SInv) [Jiyva's grace]
 15320 | D:13     | Lost mutation: Your rubbery body absorbs attacks. (AC +1,
                  | EV +1) [Jiyva's grace]
 15320 | D:13     | Gained mutation: You have a pair of small antennae on your
                  | head. [Jiyva's grace]
 15320 | D:13     | Gained mutation: You have a pair of antennae on your head.
                  | [Jiyva's grace]
 15320 | D:13     | Gained mutation: You have a pair of large antennae on your
                  | head. (SInv) [Jiyva's grace]
 15320 | D:13     | Gained mutation: You have a small jelly attached to you
                  | that senses nearby items. [Jiyva's grace]
 15354 | D:13     | Reached skill level 1 in Shields
 15596 | D:13     | Found an ornate altar of the Wu Jian Council.
 16095 | D:14     | Reached skill level 15 in Fighting
 16387 | D:14     | Found a gate to the Vaults.
 16605 | D:15     | Entered Level 15 of the Dungeon
 16789 | D:15     | Lost mutation: You are mostly covered in large bone plates.
                  | (SH +6) [Jiyva's grace]
 16789 | D:15     | Lost mutation: Your mind is very acute. (Int +8, Str/Dex
                  | -2) [Jiyva's grace]
 16789 | D:15     | Lost mutation: You are strong-willed. (Will+) [Jiyva's
                  | grace]
 16789 | D:15     | Lost mutation: Your body has grown many eyes which may
                  | confuse attackers. (Acc +5) [Jiyva's grace]
 16789 | D:15     | Lost mutation: Your movements are less encumbered by
                  | armour. (ER -4) [Jiyva's grace]
 16789 | D:15     | Gained mutation: You have acidic saliva. [Jiyva's grace]
 16789 | D:15     | Gained mutation: You expend health (3 HP) to strengthen
                  | your wands. [Jiyva's grace]
 16789 | D:15     | Gained mutation: You possess an exceptional clarity of
                  | mind. [Jiyva's grace]
 16789 | D:15     | Gained mutation: You are partially covered in iridescent
                  | scales. (AC +2) [Jiyva's grace]
 16924 | D:15     | Noticed a cyan very ugly thing
 16934 | D:15     | Killed a cyan very ugly thing
 16935 | D:15     | Reached skill level 5 in Shields
 16993 | D:15     | Found a staircase to the Depths.
 17546 | Orc:1    | Entered Level 1 of the Orcish Mines
 17593 | Orc:1    | Found a runed translucent gate.
 17593 | Orc:1    | Found a runed translucent gate.
 17593 | Orc:1    | Found a runed translucent gate.
 17596 | Orc:1    | Noticed Teryn's ghost (journeyman DsAK)
 17848 | Orc:2    | Entered Level 2 of the Orcish Mines
 17848 | Orc:2    | Noticed Donald
 17848 | Orc:2    | Noticed Jorgrun
 17865 | Orc:2    | Slimified Donald
 17865 | Orc:2    | Donald changed into Donald the slime creature
 17865 | Orc:2    | Noticed Donald
 17868 | Orc:2    | Killed Jorgrun
 17869 | Orc:2    | Reached XP level 16. HP: 87/127 MP: 0/0
 17945 | Orc:1    | Found a dark tunnel.
 17951 | Volcano  | Entered a volcano
 18308 | Orc:2    | Noticed Maurice
 18311 | Orc:2    | Killed Maurice
 18318 | Orc:2    | Found Dubuo's Armour Shoppe.
 18319 | Orc:2    | Found Acwomeex's Assorted Antiques.
 18319 | Orc:2    | Found Cuogrokk's Magic Scroll Emporium.
 18319 | Orc:2    | Found Tinoacw's Armour Boutique.
 18320 | Orc:2    | Noticed Nessos
 18322 | Orc:2    | Killed Nessos
 18342 | Orc:2    | Bought a scroll of identify for 58 gold pieces
 18342 | Orc:2    | Bought a scroll of identify for 58 gold pieces
 18342 | Orc:2    | Identified a scroll of acquirement
 18353 | Orc:2    | Bought the +0 cloak "Hoih Waul" {Int+3 Slay+2} for 366 gold
                  | pieces
 18370 | Orc:2    | Acquired a staff of conjuration
 18493 | Orc:2    | Lost mutation: You have a pair of large antennae on your
                  | head. (SInv) [Jiyva's grace]
 18493 | Orc:2    | Lost mutation: You have supernaturally acute eyesight.
                  | (SInv) [Jiyva's grace]
 18493 | Orc:2    | Lost mutation: You have acidic saliva. [Jiyva's grace]
 18493 | Orc:2    | Lost mutation: Your transparent skin significantly reduces
                  | your foes' accuracy. (Stealth+) [Jiyva's grace]
 18493 | Orc:2    | Gained mutation: You are mostly covered in iridescent
                  | scales. (AC +4) [Jiyva's grace]
 18493 | Orc:2    | Gained mutation: You are completely covered in iridescent
                  | scales. (AC +6) [Jiyva's grace]
 18493 | Orc:2    | Gained mutation: Your body has grown many eyes which may
                  | confuse attackers. (Acc +5) [Jiyva's grace]
 18493 | Orc:2    | Gained mutation: Your body is covered in eyes which may
                  | confuse attackers. (Acc +7, SInv) [Jiyva's grace]
 18530 | Orc:2    | Found a staircase to the Elven Halls.
 18539 | Elf:1    | Entered Level 1 of the Elven Halls
 18759 | Elf:1    | Reached XP level 17. HP: 116/133 MP: 0/0
 18759 | Elf:1    | Learned a level 6 spell: Death Channel
 18965 | Elf:1    | Reached skill level 15 in Spellcasting
 18965 | Elf:1    | Reached skill level 15 in Conjurations
 18965 | Elf:1    | Reached skill level 15 in Hexes
 18965 | Elf:1    | Reached skill level 15 in Summonings
 18965 | Elf:1    | Reached skill level 15 in Necromancy
 18965 | Elf:1    | Reached skill level 15 in Translocations
 18965 | Elf:1    | Reached skill level 15 in Fire Magic
 18965 | Elf:1    | Reached skill level 15 in Ice Magic
 18965 | Elf:1    | Reached skill level 15 in Air Magic
 18965 | Elf:1    | Reached skill level 15 in Earth Magic
 18965 | Elf:1    | Reached skill level 15 in Alchemy
 19153 | Elf:2    | Found Evola's Book Shop.
 19200 | Elf:2    | Paralysed by an air elemental for 1 turns
 19202 | Elf:2    | Paralysed by an air elemental for 1 turns
 19410 | Elf:3    | Entered Level 3 of the Elven Halls
 19566 | Elf:3    | Noticed a deep elf master archer
 19574 | Elf:3    | Noticed a deep elf blademaster
 19575 | Elf:3    | Killed a deep elf master archer
 19577 | Elf:3    | Killed a ghostly deep elf master archer
 19583 | Elf:3    | Killed a deep elf blademaster
 19589 | Elf:3    | Killed from afar by a ghostly deep elf death mage

Illustrated notes

Levels and vault maps discovered:
D:1:      ebering_trefoil_twist, layout_rooms
D:2:      layout_loops_corners, serial_shops, shop, nrook_campfire,
          minmay_surrounded, uniq_natasha, uniq_terence
D:3:      layout_basic, ebering_ecumenical_altar_webs,
          mainiacjoe_sewer_entry_somewhere_in_here_2
D:4:      minmay_recursive_quarters, layout_cave_pools, kennysheep_mini_moat,
          minmay_temple_entry_statues, uniq_crazy_yiuf_cottage
D:5:      layout_loops_ring, mainiacjoe_overflow_surrounded_room,
          dancing_weapons_uskayaw, nicolae_shop_distant_corner_stores,
          uniq_pikel, uniq_blork_the_orc
D:6:      layout_loops_corners, nicolae_nh_ransacked_shop
D:7:      layout_cave_pods, slow_altar_1, gammafunk_ghost_grave
D:8:      layout_basic, mainiacjoe_overflow_boulevard,
          lemuel_mausoleum_altar_yredelemnul
D:9:      statuecave_lemuel, layout_basic, hangedman_decor_growths, minmay_holes
D:10:     layout_loops_cross, gammafunk_temple_overflow_elements, orc_0_dummy,
          uniq_lodul
D:11:     layout_gridville, erik_lair_orcish_takeover, uniq_josephine,
          uniq_erolcha
D:12:     layout_stronghold, kennysheep_vampire_church
D:13:     layout_loops_corners, nzn_wu_jian_contemplation
D:14:     layout_basic, david_vaults_5, hangedman_decor_lopped
D:15:     hangedman_depths_entry_try_elsewhere_first, layout_loops_ring,
          grunt_decor_junction, serial_library_hellmonk_narrow_alcove
Lair:1:   layout_loops_ring
Lair:2:   layout_cave_pods, guppyfry_snake_entry_garden, beast_lair_carwin_3,
          uniq_urug, uniq_maggie
Lair:3:   layout_loops_ring, nicolae_shoals_entry_flooding,
          gauntlet_entry_generic, uniq_prince_ribbit2
Lair:4:   layout_cave_pods, gammafunk_ghost_ooze, grunt_megastairs_2
Lair:5:   grunt_lair_end_beastmaster, layout_hall_layers, slime_entry_1
Slime:1:  layout_caves, cheibrodos_slime_lost_civilization_6
Slime:2:  layout_caves
Slime:3:  layout_caves
Slime:4:  layout_caves
Slime:5:  slime_pit_nicolae_trefoil
Orc:1:    layout_caves, gammafunk_ghost_split, nicolae_volcano_entry_two_sided,
          nicolae_orc_hostile_takeover
Orc:2:    st_orc_ogre_mass, layout_diamond_mine, uniq_maurice, uniq_donald,
          uniq_jorgrun, uniq_nessos
Elf:1:    minmay_elf_arrival_plus, layout_geoelf_diagonals,
          nicolae_elf_blasts_and_bolts, due_unseen_surprise
Elf:2:    nicolae_elf_blades_crystal_corner, layout_loops_corners,
          nicolae_stop_n_shop_1, eino_tiny_chamber, grunt_ministairs_5,
          guppyfry_library_mini
Elf:3:    grunt_elf_hall_spiral, layout_loops_corners,
          nicolae_trove_entry_free_sample, serial_sigils,
          serial_sigils_hangedman_scratch, serial_sigils_hangedman_confine,
          serial_sigils_hangedman_shear

Skill      XL: |  1  2  3  4  5  6  7  8  9 10 11 12 13 14 15 16 17 |
---------------+----------------------------------------------------+-----
Fighting       | 1 2 3 4 5 7 9 10 11 13 14 15 16 | 16.0
Stealth        | 2 3 4 5 7 |  7.1
Spellcasting   | 4 5 6 7 8 9 11 12 14 16 | 16.1
Conjurations   | 4 5 6 7 8 9 11 12 14 16 | 16.1
Hexes          | 4 5 6 7 8 9 11 12 14 16 | 16.1
Summonings     | 4 5 6 7 8 9 11 12 14 16 | 16.1
Necromancy     | 4 5 6 7 8 9 11 12 14 16 | 16.1
Translocations | 4 5 6 7 8 9 11 12 14 16 | 16.1
Fire Magic     | 4 5 6 7 8 9 11 12 14 16 | 16.1
Ice Magic      | 4 5 6 7 8 9 11 12 14 16 | 16.1
Air Magic      | 4 5 6 7 8 9 11 12 14 16 | 16.1
Earth Magic    | 4 5 6 7 8 9 11 12 14 16 | 16.1
Alchemy        | 4 5 6 7 8 9 11 12 14 16 | 16.1
Dodging        | 5 8 10 12 13 14 | 14.0
Shields        | 5 8 |  8.0

Action                     |  1- 3 |  4- 6 |  7- 9 | 10-12 | 13-15 | 16-18 || total
---------------------------+-------+-------+-------+-------+-------+-------++-------
  Melee: Unarmed           |       |     3 |       |     1 |       |       ||     4
         Staff             |       |       |       |       |     6 |     1 ||     7
         Bite              |       |       |       |       |     1 |       ||     1
   Cast: Shock             |    38 |   109 |       |       |       |       ||   147
         Sandblast         |     3 |     3 |       |       |       |       ||     6
         Static Discharge  |       |    24 |    14 |    12 |       |       ||    50
         Ensorcelled Hiber |       |     1 |       |       |       |       ||     1
         Stone Arrow       |       |       |    95 |   166 |    76 |    19 ||   356
         Animate Dead      |       |       |       |     2 |     3 |     5 ||    10
         Flame Wave        |       |       |       |    12 |    18 |     6 ||    36
         Airstrike         |       |       |       |    81 |   455 |   276 ||   812
         Summon Mana Viper |       |       |       |       |    21 |    16 ||    37
         Sculpt Simulacrum |       |       |       |       |    15 |     1 ||    16
         Death Channel     |       |       |       |       |       |     5 ||     5
 Invoke: Oozemancy         |       |       |       |     1 |     1 |     1 ||     3
         Slimify           |       |       |       |       |     1 |       ||     1
    Use: Scroll            |       |     3 |       |     7 |    11 |     7 ||    28
         Potion            |       |       |       |     2 |     4 |     4 ||    10
 Armour: Leather armour    |     8 |    49 |    42 |    98 |       |       ||   197
         Steam dragon scal |       |       |       |     7 |    50 |       ||    57
         Troll leather arm |       |       |       |       |    46 |    64 ||   110
  Dodge: Dodged            |     3 |    23 |    16 |   117 |   181 |    44 ||   384
  Block: Other             |       |       |       |       |    10 |       ||    10
         Buckler           |       |       |       |       |    58 |    73 ||   131
